 Dungeon Crawl Stone Soup version 0.31.0-12-g77e489cdc1 (webtiles) character file.

Game seed: 3910468850611809094

4736 Silvore the Grappler (level 10, -8/86 HPs)
             Began as a Minotaur Fighter on Feb 17, 2024.
             Was a Priest of Okawaru.
             Mangled by an orc warrior
             ... wielding a +0 battleaxe
              (21 damage)
             ... in a bailey.
             The game lasted 00:11:04 (7573 turns).

Silvore the Grappler (Minotaur Fighter)             Turns: 7573, Time: 00:11:05

Health: -8/86      AC: 16    Str: 25    XL:     10   Next: 22%
Magic:  9/9        EV:  8    Int:  5    God:    Okawaru [***...]
Gold:   1123       SH:  0    Dex: 17    Spells: 9/9 levels left

rFire   . .          .
                       - Unarmed
rCold   + . .        m - orb {light}
rNeg    . . .        l - +0 plate armour
rPois   .            d - +1 hat of Sacled {-Cast Rampage Fly Dex+7}
rElec   .            (no cloak)
rCorr   .            p - +0 pair of gloves
SInv    .            (no boots)
Will    .....        (no amulet) Stlth
                     j - ring of protection from cold
HPRegen 0.34/turn    (no ring)
MPRegen 0.11/turn

%: no spellcasting, rampage
@: mighty, flying, glowing
A: horns 2, retaliatory headbutt
a: Renounce Religion, Heroism


You were in a bailey.
You worshipped Okawaru.
Okawaru was most pleased with you.
You visited 2 branches of the dungeon, and saw 9 of its levels.
You also visited: Sewer and Bailey.

You collected 1123 gold pieces.

Inventory:

Missiles
 n - a throwing net (quivered)
Armour
 a - a +0 scale mail
 b - a +0 buckler
 d - the +1 hat of Sacled (worn) {-Cast Rampage Fly Dex+7}
   (You acquired it on level 1 of the Dungeon)

   Dex+7:     It affects your dexterity (+7).
   Fly:       It grants you flight.
   -Cast:     It prevents spellcasting.
   Rampage:   It bestows one free step when moving towards enemies.
 i - a +0 chain mail
 l - a +0 plate armour (worn)
 m - an orb of light (worn)
 p - a +0 pair of gloves (worn)
Jewellery
 j - a ring of protection from cold (left hand)
 q - an amulet of magic regeneration
Wands
 u - a wand of flame (9)
Scrolls
 e - 5 scrolls of noise
 k - 4 scrolls of teleportation
 r - a scroll of fear
 s - a scroll of torment
Potions
 f - 4 potions of curing
 g - a potion of mutation
 h - a potion of haste
 o - 2 potions of enlightenment
 t - a potion of attraction {unknown}
 v - a potion of resistance {unknown}


   Skills:
 + Level 7.1 Fighting
 + Level 9.7 Armour
 + Level 2.0 Dodging
 + Level 0.5 Stealth
 + Level 4.5 Shields
 + Level 12.7 Unarmed Combat
 + Level 0.1 Invocations


You had 9 spell levels left.
You didn't know any spells.
Your spell library contained the following spells:

 Spells                   Type           Power      Damage    Failure   Level
 Magic Dart               Conj           0%         1d3       99%         1
 Shock                    Conj/Air       0%         1d3       99%         1
 Blink                    Tloc           0%         N/A       100%        2
 Cigotuvi's Dreadful Rot  Necr/Alch/Air  0%         N/A       100%        2
 Swiftness                Air            0%         N/A       100%        3
 Airstrike                Air            0%         2d(0-16)  100%        4
 Ignite Poison            Fire/Alch      0%         N/A       100%        4
 Freezing Cloud           Conj/Ice/Air   0%         6-21      100%        5
 Call Imp                 Summ           Unusable   N/A       N/A         2

Dungeon Overview and Level Annotations

Branches:
Dungeon (8/15)             Temple (1/1) D:6            Lair (0/5) D:8
  Sewer (visited)          Bailey (1/1)

Altars:
Ashenzari
Cheibriados
Dithmenos
Fedhas
Gozag
Hepliaklqana
Kikubaaqudgha
Makhleb
Nemelex Xobeh
Okawaru
Qazlal
Ru
Sif Muna
Trog
Zin
The Shining One

Shops:
D:3 *   D:4 !   D:6 =

Annotations:
D:5 2 transporters


Innate Abilities, Weirdness & Mutations

You have a pair of horns on your head.
You reflexively headbutt those who attack you in melee.


Message History

An orc comes into view. It is wielding a +0 hand axe.
The orc warlord roars a battlecry!
The orcs go into a battle-frenzy!
The orc shouts!
You hear a shout! x2
You rampage towards the goblin!
An orc knight comes into view. It is wielding a +0 war axe.
A goblin comes into view. It is wielding a +0 hand axe.
The orc knight shouts!
The goblin shouts!
The goblin barely misses you.
You punch the goblin!
You kill the goblin!
Okawaru accepts your kill. The hobgoblin barely misses you.
You pummel the gnoll!!
You kill the gnoll!
Okawaru accepts your kill.
Your Dodging skill increases to level 2!
You rampage towards the orc!
You hit the orc. You headbutt the orc.
You kill the orc!
Okawaru accepts your kill. The hobgoblin closely misses you.
The orc warrior hits you but does no damage.
You punch the orc warlord!
The orc warlord is lightly wounded.
The orc knight roars a battlecry!
The orc warlord goes into a battle-frenzy!
The orc warrior hits you but does no damage.
The hobgoblin hits you but does no damage.
The orc warlord hits you with a +7 executioner's axe!!!
Ouch! That really hurt!
You punch the orc warlord!
The orc warlord is moderately wounded.
The orc warrior closely misses you. You furiously retaliate!
You headbutt the orc warrior.
The hobgoblin hits you with a +0 hand axe.
The orc warlord hits you with a +7 executioner's axe!
* * * LOW HITPOINT WARNING * * *
The goblin attacks as it pursues you! The goblin barely misses you.
The orc warrior hits you with a +0 battleaxe!!
You die...

##.......##.......##.......##
#.......#.........#.......#
##.....##.........##.....##
##+####...........####)##
#.........##..)))##
#...o.....#...)...#
#..oo...##.......##
#...gg..#.........#
###o@.###.........##
###'###.....⌠.....#
##88.88##.........##
#.......#.........#
##.......##.......##
+...))...)'.......#
#.........##.....##
#.....⌠.....#######
##.........##


You could see an orc warlord (strong), an orc knight (strong), an orc warrior
(strong), an orc (strong), a hobgoblin and a goblin.

Vanquished Creatures
  An orc knight (Bailey)
  A komodo dragon (D:8)
  Grinder (D:6)
  Menkaure (D:5)
  The ghost of Verono the Magician, an amateur DjFE (D:4)
  A water moccasin (D:7)
  5 black bears
  2 sky beasts
  5 orc warriors
  3 ice beasts
  A kobold brigand (D:8)
  3 phantoms
  Blork the orc (D:5)
  A brain worm (Sewer)
  5 bullfrogs
  A scorpion (D:5)
  4 wights (D:8)
  9 killer bees (D:8)
  4 orc priests (D:6)
  A jelly (D:5)
  Ijyb (D:5)
  Terence (D:3)
  3 iguanas
  12 gnolls
  14 adders
  7 river rats
  2 shadow imps
  5 dart slugs
  3 ribbon worms
  30 orcs
  8 ball pythons
  9 endoplasms
  3 giant cockroaches
  31 goblins
  6 hobgoblins
  A jackal (Sewer)
  6 quokkas
  14 bats
  10 frilled lizards
  9 kobolds
  11 rats
237 creatures vanquished.

Notes
Turn   | Place    | Note
-------+----------+-------------------------------------------
     0 | D:1      | Silvore the Minotaur Fighter began the quest for the Orb.
     0 | D:1      | Reached XP level 1. HP: 19/19 MP: 0/0
   146 | D:1      | Reached XP level 2. HP: 26/27 MP: 1/1
   735 | D:1      | Identified a scroll of acquirement
   735 | D:1      | Acquired the +1 hat of Sacled {-Cast Rampage Fly Dex+7}
   798 | D:2      | Reached XP level 3. HP: 31/34 MP: 2/2
   923 | D:2      | Reached skill level 3 in Unarmed Combat
  1104 | D:2      | Found an opulent altar of Gozag.
  1146 | D:2      | Reached XP level 4. HP: 41/41 MP: 3/3
  1495 | D:3      | Found Zuazeth's General Store.
  1531 | D:3      | Reached skill level 4 in Unarmed Combat
  1670 | D:3      | Noticed Terence
  1682 | D:3      | Killed Terence
  1683 | D:3      | Reached XP level 5. HP: 41/47 MP: 4/4
  2221 | D:4      | Noticed a phantom
  2232 | D:4      | Killed a phantom
  2279 | D:4      | Reached skill level 5 in Unarmed Combat
  2288 | D:4      | Reached XP level 6. HP: 43/53 MP: 5/5
  2299 | D:4      | Reached skill level 5 in Armour
  2324 | D:4      | Reached skill level 1 in Dodging
  2348 | D:4      | Found a glowing drain.
  2356 | Sewer    | Entered a sewer
  3303 | D:4      | Found Seoptuh's Distillery.
  3323 | D:4      | Reached skill level 6 in Unarmed Combat
  3323 | D:4      | Reached XP level 7. HP: 44/60 MP: 6/6
  3834 | D:4      | Found a runed translucent door.
  3840 | D:4      | Noticed Verono's ghost (amateur DjFE)
  3849 | D:4      | Killed Verono's ghost
  3850 | D:4      | Reached skill level 7 in Unarmed Combat
  4087 | D:5      | Entered Level 5 of the Dungeon
  4148 | D:5      | Found a transporter.
  4152 | D:5      | Noticed a kobold demonologist
  4210 | D:5      | Found a transporter.
  4402 | D:5      | Noticed Menkaure
  4409 | D:5      | Killed Menkaure
  4410 | D:5      | Reached skill level 8 in Unarmed Combat
  4410 | D:5      | Reached XP level 8. HP: 47/67 MP: 7/7
  4519 | D:5      | Noticed Ijyb
  4524 | D:5      | Killed Ijyb
  4707 | D:5      | Noticed Blork the orc
  4718 | D:5      | Killed Blork the orc
  5110 | D:6      | Reached skill level 5 in Fighting
  5110 | D:6      | Reached skill level 9 in Unarmed Combat
  5223 | D:6      | Found a staircase to the Ecumenical Temple.
  5232 | Temple   | Entered the Ecumenical Temple
  5248 | Temple   | Became a worshipper of Warmaster Okawaru
  5270 | D:6      | Noticed Grinder
  5280 | D:6      | Killed Grinder
  5388 | D:6      | Reached skill level 10 in Unarmed Combat
  5531 | D:6      | Reached * piety under Okawaru
  5532 | D:6      | Reached XP level 9. HP: 75/75 MP: 8/8
  5825 | D:6      | Found Emixiur's Jewellery Boutique.
  6167 | D:7      | Reached skill level 11 in Unarmed Combat
  6720 | D:7      | Acquired 660 gold pieces
  6897 | D:8      | Reached ** piety under Okawaru
  6897 | D:8      | HP: 1/78 [killer bee (7)]
  6924 | D:8      | HP: 3/78 [killer bee (6)]
  7174 | D:8      | Noticed a komodo dragon
  7180 | D:8      | Killed a komodo dragon
  7181 | D:8      | Reached skill level 12 in Unarmed Combat
  7191 | D:8      | Found a staircase to the Lair.
  7313 | D:8      | Found a flagged portal.
  7328 | Bailey   | Entered a bailey
  7348 | Bailey   | Reached XP level 10. HP: 83/83 MP: 9/9
  7526 | Bailey   | Noticed an orc knight
  7536 | Bailey   | Killed an orc knight
  7536 | Bailey   | Reached *** piety under Okawaru
  7566 | Bailey   | Noticed an orc warlord
  7567 | Bailey   | Noticed an orc knight
  7573 | Bailey   | Mangled by an orc warrior

Illustrated notes

Levels and vault maps discovered:
D:1:      amcnicky_arrival_wind_blow, layout_basic, kennysheep_crisscross,
          hangedman_decor_lopped, hangedman_decor_diamond_cutter
D:2:      layout_rooms, basic_altar
D:3:      layout_basic, serial_shops, shop, st_stairs_3, grunt_decor_cap,
          nicolae_half_adder, uniq_terence
D:4:      layout_basic, serial_shops, nicolae_take_the_stairs,
          lightli_sewer_entry_pipes, ebering_ghost_reflecting_pool,
          nicolae_titane
D:5:      gammafunk_wand_slinger, layout_loops_ring, hangedman_glass_teeth,
          uniq_ijyb, uniq_menkaure, uniq_blork_the_orc
D:6:      layout_loops_corners, minmay_temple_entry_junction_2, serial_shops,
          shop, uniq_grinder
D:7:      layout_gridville, kennysheep_pointless_box, grunt_decor_one_mirror
D:8:      layout_gridville, david_lair_shrubbed, enter_bailey_3, serial_shops,
          shop
Temple:   regret_index_temple_sphere_string
Bailey:   bailey_axe_minmay_hex_keep, bailey

Skill      XL: |  1  2  3  4  5  6  7  8  9 10 |
---------------+-------------------------------+-----
Fighting       | 4 6 7 |  7.1
Shields        | 4 |  4.5
Unarmed Combat | 3 4 5 6 8 10 12 | 12.7
Armour         | 4 5 6 7 9 |  9.7
Dodging        | 1 2 |  2.0
Stealth        | |  0.5
Invocations    | |  0.1

Action                     |  1- 3 |  4- 6 |  7- 9 | 10-12 || total
---------------------------+-------+-------+-------+-------++-------
  Melee: Unarmed           |   110 |   199 |   230 |    54 ||   593
         Headbutt          |    12 |    39 |    53 |     7 ||   111
 Invoke: Heroism           |       |       |       |     1 ||     1
    Use: Scroll            |     2 |     6 |     6 |       ||    14
         Potion            |       |       |     5 |     1 ||     6
 Armour: Scale mail        |    45 |       |       |       ||    45
         Chain mail        |    11 |    61 |       |       ||    72
         Plate armour      |       |   126 |   211 |    55 ||   392
  Dodge: Dodged            |    37 |    88 |    87 |    19 ||   231
  Block: Buckler           |    33 |    14 |       |       ||    47
